 Dungeon Crawl Stone Soup version 0.20.1-1-g8b1a95d (webtiles) character file.

80329 equalderp2856 the Severer (level 15, 0/134 HPs)
             Began as a Minotaur Fighter on Oct 2, 2017.
             Shot with an arrow by a naga sharpshooter (23 damage)
             ... on level 1 of the Snake Pit.
             The game lasted 01:11:58 (28883 turns).

equalderp2856 the Severer (Minotaur Fighter)       Turns: 28883, Time: 01:11:59

Health: 0/134      AC: 19    Str: 17    XL:     15   Next: 23%
Magic:  0/26       EV:  9    Int:  8    God:
Gold:   1548       SH: 13    Dex: 12    Spells: 30/30 levels left

rFire    + + .     SeeInvis .   W - +6 war axe (freeze)
rCold    x . .     Gourm    .   c - +0 shield
rNeg     . . .     Faith    .   e - +3 chain mail {rPois}
rPois    +         Spirit   +   C - +2 hat
rElec    .         Reflect  .   s - scarf {Spirit}
rCorr    .         Harm     .   (no gloves)
MR       +++..                  j - +0 pair of boots {Fly}
Stlth    ..........             B - amulet of guardian spirit
Regen    0.4/turn               Q - ring "Dugai" {Fire rPois MR++ Str-5}
MPRegen  0.2/turn               b - ring of protection from fire

@: flying
A: retaliatory headbutt, horns 2
a: Stop Flying


You were on level 1 of the Snake Pit.
You were hungry.

You visited 5 branches of the dungeon, and saw 20 of its levels.
You also visited: Bailey.

You collected 1683 gold pieces.
You spent 135 gold pieces at shops.

Inventory:

Hand Weapons
 E - a +0 trident
 W - a +6 war axe of freezing (weapon)
Armour
 c - a +0 shield (worn)
 e - a +3 chain mail of poison resistance (worn)
 j - a +0 pair of boots of flying (worn)
 s - a scarf of spirit shield (worn)
 C - a +2 hat (worn)
 J - a +0 cloak of poison resistance
Jewellery
 b - a ring of protection from fire (right hand)
 m - an uncursed ring of loudness
 r - an uncursed ring of fire
 B - an amulet of guardian spirit (around neck)
 Q - the ring "Dugai" (left hand) {Fire rPois MR++ Str-5}
   (You found it on level 7 of the Dungeon)

   [ring of fire]

   It enhances your fire magic.
   It affects your strength (-5).
   It protects you from fire.
   It makes you vulnerable to cold.
   It protects you from poison.
   It affects your resistance to hostile enchantments.
 Y - a +2 ring of dexterity
Wands
 v - a wand of polymorph (7/24)
 I - a wand of flame (22/48)
 V - a wand of flame (13/48)
Scrolls
 h - 10 scrolls of remove curse
 k - 3 scrolls of fear
 q - 2 scrolls of teleportation
 y - a scroll of enchant armour
 M - a scroll of fog
 U - 2 scrolls of magic mapping
Potions
 d - 2 potions of might
 g - 2 potions of berserk rage
 l - 7 potions of curing
 n - 6 potions of heal wounds
 o - 7 potions of flight
 t - 2 potions of magic {unknown}
 w - 2 potions of ambrosia {unknown}
 A - 6 potions of brilliance
 L - 2 potions of mutation {unknown}
 N - 2 potions of resistance
 O - 2 potions of agility {unknown}
 R - 3 potions of haste {unknown}
 T - a potion of lignification {unknown}
 Z - 3 potions of degeneration {unknown}
Miscellaneous
 i - a lamp of fire (inert)
 p - a fan of gales
Comestibles
 a - 4 fruits
 f - 13 bread rations
 u - 8 meat rations
 x - a royal jelly


   Skills:
 + Level 12.8 Fighting
 + Level 16.4(16.6) Axes
 + Level 4.8(12.0) Polearms
 + Level 13.3 Armour
 + Level 4.7 Dodging
 + Level 3.2 Stealth
 + Level 13.8 Shields
 * Level 8.4 Spellcasting
 + Level 1.8 Evocations


You had 30 spell levels left.
You didn't know any spells.

Dungeon Overview and Level Annotations

Branches:
Dungeon (10/15)            Temple (0/1) D:7            Lair (6/6) D:10
 Shoals (1/4) Lair:4        Snake (1/4) Lair:2        Slime (0/5) Lair:5
    Orc (2/2) D:9             Elf (0/3) Orc:2

Altars:
Cheibriados
Dithmenos
Gozag
Hepliaklqana
Nemelex Xobeh
Okawaru
Ru
Sif Muna
Uskayaw
Xom
Zin
The Shining One
Jiyva

Shops:
D:7 =   D:10 ?   Orc:2 (*:[%

Annotations:
Lair:2 exclusion: 2 oklob plants
Orc:2 exclusion: upstairs


Innate Abilities, Weirdness & Mutations

You reflexively headbutt those who attack you in melee.
You have a pair of horns on your head.


Message History

The black mamba is moderately wounded.
You feel much better. You block the black mamba's attack. x2
You closely miss the black mamba.
The black mamba is moderately wounded.
The naga sharpshooter mumbles some strange words.
The naga sharpshooter magically shoots an arrow.
The arrow hits you!!
* * * LOW HITPOINT WARNING * * *
Unknown command.
You slash the black mamba!
The black mamba seems to slow down.
You freeze the black mamba!
The black mamba is severely wounded.
The black mamba bites you but does no damage.
Unknown command.
You slash the black mamba! You freeze the black mamba.
You kill the black mamba!
The naga sharpshooter gestures wildly while chanting.
The naga sharpshooter magically shoots an arrow.
The arrow hits you!!
You die...

+.............##...
.....##........##...##...
.....##........##...##...
....##........##...##...
#..###......####..##...
#####...###....#####...#...
#........##....##..........
+........##....##..........
##....N)..(@....##..........
##.##....(N...##....##..........
..............##....##..........
....##.#####################...
## ##'#####################...
#######..................##......
#....##N.................##......
#....'...................##......
#...N##..................##......


You could see a naga sharpshooter and a naga ritualist.

Vanquished Creatures
  Rupert (Lair:4)
  An orc warlord (Orc:1)
  Azrael (Orc:2)
  3 dire elephants (Lair:6)
  Nessos (Lair:6)
  10 hydras
  A naga warrior (Snake:1)
  2 anacondas
  A merfolk aquamancer (Shoals:1)
  An ogre mage (D:9)
  10 two-headed ogres
  A naga sharpshooter (Snake:1)
  2 orc high priests (Orc:2)
  A deep elf knight (Orc:2)
  The ghost of Ymberti the Carver, a novice HOFi of Beogh (Bailey)
  The ghost of Totori the Spear-Bearer, a novice MfGl of Ashenzari (D:6)
  An unseen horror (D:10)
  2 sea snakes (Shoals:1)
  A lindwurm (Lair:4)
  5 orc sorcerers
  A mana viper (Snake:1)
  4 orc knights (Orc:2)
  3 cyclopes (Orc:2)
  An ugly thing (D:10)
  7 elephants (Lair:6)
  A merfolk siren (Lair:4)
  10 black mambas
  Joseph (D:8)
  The ghost of F1L1N the Skirmisher, a novice CeFi of Okawaru (D:4)
  A torpor snail (Lair:6)
  8 komodo dragons
  13 spiny frogs
  5 rime drakes (Lair:6)
  3 meliai (Lair:6)
  A troll (Orc:2)
  Grinder (D:3)
  5 merfolk
  A queen bee (Lair:6)
  Prince Ribbit (Lair:1)
  6 dream sheep (Lair:6)
  3 slime creatures
  7 hippogriffs
  A snapping turtle (Shoals:1)
  12 blink frogs
  A wraith (D:10)
  41 yaks
  2 wyverns
  Eustachio (D:5)
  3 fire elementals (Orc:2)
  A basilisk (Lair:2)
  A hungry ghost (D:9)
  2 wargs (Orc:1)
  8 swamp worms (Lair:4)
  8 nagas
  2 hell hounds (Orc:2)
  5 water moccasins
  11 porcupines
  2 sky beasts
  3 phantoms
  24 orc warriors
  2 ice beasts
  6 black bears
  A necrophage (D:10)
  7 ogres
  4 centaurs
  16 crocodiles
  17 wolves
  Blork the orc (D:3)
  13 bullfrogs
  8 gnoll sergeants (Bailey)
  A big kobold (D:7)
  5 scorpions
  A wyvern skeleton (D:10)
  A water moccasin skeleton (D:4)
  32 killer bees
  3 wights (D:8)
  An electric eel (Lair:6)
  3 crimson imps
  A bullfrog zombie (D:9)
  11 orc priests
  2 jellies (D:9)
  3 bullfrog skeletons
  Crazy Yiuf (D:5)
  4 hounds
  23 orc wizards
  6 gnoll shamans (Bailey)
  Jessica (D:3)
  6 iguanas
  Ijyb (D:3)
  Natasha (thrice) (D:3 D:6)
  3 worker ants
  A killer bee zombie (D:7)
  2 hound skeletons
  A worker ant zombie (D:8)
  5 adders
  19 gnolls
  4 shadow imps
  2 oozes (D:3)
  An adder zombie (D:8)
  2 adder skeletons
  11 worms
  2 dart slugs
  2 leopard geckos
  78 orcs
  2 ball pythons
  7 bats
  6 giant cockroaches
  9 goblins
  9 hobgoblins
  7 jackals
  13 kobolds
  4 quokkas
  9 frilled lizards
  9 rats
  10 fungi
  19 plants
680 creatures vanquished.

Vanquished Creatures (others)
  21 fungi
  35 plants
56 creatures vanquished.

Grand Total: 736 creatures vanquished

Notes
Turn   | Place    | Note
-------+----------+-------------------------------------------
     0 | D:1      | equalderp2856 the Minotaur Fighter began the quest for the Orb.
     0 | D:1      | Reached XP level 1. HP: 19/19 MP: 0/0
   241 | D:1      | Reached XP level 2. HP: 24/27 MP: 1/1
  1061 | D:2      | Reached XP level 3. HP: 15/33 MP: 2/2
  1230 | D:2      | Reached skill level 3 in Axes
  1237 | D:2      | Reached XP level 4. HP: 25/40 MP: 3/3
  2010 | D:3      | Noticed Jessica
  2013 | D:3      | Killed Jessica
  2163 | D:3      | Noticed Grinder
  2201 | D:3      | Paralysed by Grinder for 5 turns
  2209 | D:3      | Killed Grinder
  2209 | D:3      | Reached skill level 4 in Axes
  2209 | D:3      | Reached skill level 5 in Armour
  2209 | D:3      | Reached skill level 5 in Shields
  2209 | D:3      | Reached XP level 5. HP: 28/47 MP: 4/4
  2209 | D:3      | Reached XP level 6. HP: 31/53 MP: 5/5
  2411 | D:3      | Noticed Ijyb
  2430 | D:3      | Killed Ijyb
  2455 | D:3      | Noticed Natasha
  2456 | D:3      | Reached skill level 5 in Axes
  2459 | D:3      | Killed Natasha
  3107 | D:3      | Found a faded altar of an unknown god.
  3300 | D:4      | Noticed F1L1N's ghost (novice CeFi)
  3306 | D:5      | Entered Level 5 of the Dungeon
  3319 | D:5      | Noticed Eustachio
  3440 | D:4      | Reached skill level 1 in Dodging
  3462 | D:4      | Noticed Blork the orc
  3801 | D:4      | Reached skill level 5 in Fighting
  3801 | D:4      | Reached XP level 7. HP: 47/61 MP: 6/6
  3812 | D:3      | Killed Blork the orc
  4009 | D:4      | Killed F1L1N's ghost
  4009 | D:4      | Reached skill level 6 in Axes
  4627 | D:4      | Found a hide-covered altar of Uskayaw.
  4770 | D:4      | Reached XP level 8. HP: 43/69 MP: 4/7
  5110 | D:4      | Found a deep blue altar of Sif Muna.
  5177 | D:4      | Found a sacrificial altar of Ru.
  5177 | D:4      | Found a shadowy altar of Dithmenos.
  5358 | D:5      | Reached skill level 7 in Axes
  5371 | D:5      | Killed Eustachio
  5472 | D:5      | Found an iron altar of Okawaru.
  5649 | D:5      | Found a glowing golden altar of the Shining One.
  5661 | D:5      | Reached skill level 1 in Spellcasting
  5797 | D:5      | Found a runed door.
  6081 | D:5      | Noticed Crazy Yiuf
  6087 | D:5      | Killed Crazy Yiuf
  6152 | D:6      | Noticed Totori's ghost (novice MfGl)
  6410 | D:6      | Found a hazy altar of Hepliaklqana.
  6452 | D:6      | Killed Totori's ghost
  6452 | D:6      | Reached skill level 8 in Axes
  6452 | D:6      | Reached XP level 9. HP: 48/78 MP: 7/10
  6545 | D:6      | Reached skill level 9 in Axes
  6883 | D:6      | Found a shimmering altar of Xom.
  6927 | D:6      | Noticed Natasha
  6930 | D:6      | Killed Natasha
  6982 | D:6      | Noticed Natasha
  6990 | D:6      | Killed Natasha
  7047 | D:6      | Found an opulent altar of Gozag.
  7047 | D:6      | Found a sparkling altar of Nemelex Xobeh.
  7117 | D:6      | Found a glowing golden altar of the Shining One.
  7626 | D:7      | Found Houxeh's Jewellery Shoppe.
  7639 | D:7      | Found a flagged portal.
  7649 | Bailey   | Entered a bailey
  7651 | Bailey   | Noticed Ymberti's ghost (novice HOFi)
  7685 | Bailey   | Killed Ymberti's ghost
  7685 | Bailey   | Reached skill level 10 in Axes
  7935 | Bailey   | Reached XP level 10. HP: 27/86 MP: 7/13
  8836 | D:7      | Found a staircase to the Ecumenical Temple.
  8915 | D:7      | Got a slimy bronze ring
  9794 | D:8      | Noticed a two-headed ogre
 10347 | D:8      | Noticed Joseph
 10370 | D:8      | Killed Joseph
 10370 | D:8      | Reached skill level 11 in Axes
 10370 | D:8      | Reached skill level 1 in Stealth
 10733 | D:8      | Killed a two-headed ogre
 11202 | D:9      | Noticed a two-headed ogre
 11225 | D:9      | Killed a two-headed ogre
 11245 | D:9      | Reached XP level 11. HP: 41/94 MP: 8/16
 11271 | D:9      | Noticed a two-headed ogre
 11531 | D:9      | Found a staircase to the Orcish Mines.
 11531 | D:9      | Noticed a two-headed ogre
 11721 | D:9      | Found a snail-covered altar of Cheibriados.
 11782 | D:9      | Found a glowing silver altar of Zin.
 12013 | D:9      | Killed a two-headed ogre
 12013 | D:9      | Reached skill level 12 in Axes
 12013 | D:9      | Reached skill level 10 in Armour
 12045 | D:9      | Killed a two-headed ogre
 12325 | D:9      | Noticed a two-headed ogre
 12347 | D:9      | Killed a two-headed ogre
 12347 | D:9      | Reached skill level 10 in Shields
 12397 | D:10     | Entered Level 10 of the Dungeon
 12792 | D:10     | Found Eple's Magic Scroll Shoppe.
 12812 | D:10     | Bought a scroll of random uselessness for 12 gold pieces
 12907 | D:10     | Killed an unseen horror
 13001 | D:10     | Found a staircase to the Lair.
 13076 | D:10     | Noticed a two-headed ogre
 13077 | D:10     | Noticed a brown ugly thing
 13107 | D:10     | Killed a brown ugly thing
 13119 | D:10     | Killed a two-headed ogre
 13119 | D:10     | Reached skill level 5 in Spellcasting
 14051 | Lair:1   | Entered Level 1 of the Lair of Beasts
 14108 | Lair:1   | Reached XP level 12. HP: 77/104 MP: 13/18
 14253 | Lair:1   | Reached skill level 13 in Axes
 14338 | Lair:1   | Noticed Prince Ribbit
 14342 | Lair:1   | Killed Prince Ribbit
 14393 | Lair:1   | Identified the Disquisition on Black Rites and Enchantment
 14888 | Lair:1   | Identified the ring "Dugai" {Fire rPois MR++ Str-5} (You found it on level 7 of the Dungeon)
 15267 | Lair:2   | Reached skill level 14 in Axes
 15283 | Lair:2   | Found a staircase to the Snake Pit.
 15294 | Lair:2   | Reached skill level 10 in Fighting
 15568 | Lair:2   | Noticed an eight-headed hydra
 15613 | Lair:2   | Noticed a six-headed hydra
 15645 | Lair:1   | Killed a six-headed hydra
 16238 | Lair:2   | Killed an eight-headed hydra
 16252 | Lair:2   | Reached skill level 1 in Polearms
 16252 | Lair:2   | Reached XP level 13. HP: 88/114 MP: 17/21
 18274 | Lair:4   | Noticed Rupert
 18348 | Lair:4   | Found a staircase to the Shoals.
 18456 | Lair:4   | Killed Rupert
 18456 | Lair:4   | Reached skill level 1 in Evocations
 19869 | Lair:5   | Found a viscous altar of Jiyva.
 19869 | Lair:5   | Found a staircase to the Slime Pits.
 19875 | Lair:5   | Reached skill level 15 in Axes
 20167 | Lair:6   | Entered Level 6 of the Lair of Beasts
 20175 | Lair:6   | Noticed Nessos
 20673 | Lair:6   | Killed Nessos
 21103 | Lair:6   | Reached XP level 14. HP: 71/124 MP: 15/23
 24038 | Orc:1    | Entered Level 1 of the Orcish Mines
 24808 | Orc:2    | Entered Level 2 of the Orcish Mines
 24822 | Orc:2    | Found Hugick's Antique Armour Emporium.
 24828 | Orc:2    | Reached skill level 16 in Axes
 24965 | Orc:2    | Found Noprapri's Food Boutique.
 24998 | Orc:2    | Found a staircase to the Elven Halls.
 25026 | Orc:2    | Found Rely's General Store.
 25216 | Orc:2    | Found Cagistrue's Antique Weapon Emporium.
 25598 | Orc:2    | Noticed Azrael
 25650 | Orc:2    | Killed Azrael
 25859 | Orc:2    | Noticed an orc warlord
 26275 | Orc:1    | Killed an orc warlord
 26609 | Orc:2    | Found Xiethraoz's Book Shop.
 26684 | Orc:2    | Bought a scroll of blinking for 97 gold pieces
 26688 | Orc:2    | Bought a scroll of identify for 26 gold pieces
 26964 | Orc:1    | Reached XP level 15. HP: 98/134 MP: 19/26
 27542 | Shoals:1 | Entered Level 1 of the Shoals
 28178 | Snake:1  | Entered Level 1 of the Snake Pit
 28883 | Snake:1  | Shot with an arrow by a naga sharpshooter

Skill      XL: |  1  2  3  4  5  6  7  8  9 10 11 12 13 14 |
---------------+-------------------------------------------+-----
Shields        | 4 5 7 8 9 10 11 12 13 | 13.8
Fighting       | 4 5 6 7 8 9 10 11 12 | 12.8
Armour         | 4 5 6 7 8 9 10 11 12 13 | 13.3
Axes           | 3 4 5 6 8 10 11 12 14 15 16 | 16.4
Dodging        | 1 2 3 4 |  4.7
Spellcasting   | 1 2 4 5 6 7 8 |  8.4
Stealth        | 1 3 |  3.2
Polearms       | 1 4 |  4.8
Evocations     | 1 |  1.8

Action                   |  1- 3 |  4- 6 |  7- 9 | 10-12 | 13-15 || total
-------------------------+-------+-------+-------+-------+-------++-------
Melee: War axe           |    65 |   138 |   318 |   715 |   909 ||  2145
       Headbutt          |    10 |    14 |    75 |   179 |   238 ||   516
       Trident           |       |       |       |    17 |    80 ||    97
Evoke: Wand              |       |       |     1 |    12 |    16 ||    29
       Lamp of fire      |       |       |       |     1 |     2 ||     3
  Use: Scroll            |       |       |     7 |       |    19 ||    26
       Potion            |       |       |     2 |     1 |     4 ||     7
 Stab: Paralysed         |       |       |       |    12 |       ||    12
  Eat: Chunk             |       |     9 |    11 |    13 |    20 ||    53
       Royal jelly       |       |       |     1 |       |       ||     1
       Fruit             |       |       |       |     4 |       ||     4
       Meat ration       |       |       |       |     3 |     3 ||     6
       Bread ration      |       |       |       |       |     1 ||     1
Armor: Scale mail        |    14 |    54 |       |       |       ||    68
       Chain mail        |       |    29 |   134 |       |   304 ||   467
       Plate armour      |       |       |    32 |   436 |   105 ||   573
Dodge: Dodged            |    16 |    46 |   100 |   187 |   252 ||   601
Block: Shield            |    36 |    79 |   223 |   475 |   639 ||  1452
